 Dungeon Crawl Stone Soup version 0.29-a0-243-g602b31c20e (webtiles) character file.

Game seed: 8017489740756823423

74 spaghetti the Skirmisher (level 3, -3/34 HPs)
             Began as a Demigod Fighter on Mar 4, 2022.
             Slain by a hobgoblin (4 damage)
             ... led by Robin
             ... on level 2 of the Dungeon.
             The game lasted 00:02:22 (1702 turns).

spaghetti the Skirmisher (Demigod Fighter)          Turns: 1702, Time: 00:02:23

Health: -3/34      AC:  6    Str: 21    XL:     3   Next: 86%
Magic:  5/5        EV:  9    Int: 10    God:
Gold:   62         SH:  4    Dex: 13    Spells: 2/2 levels left

rFire   . . .      SeeInvis .   a - +0 trident {polearm}
rCold   . . .      Faith    .   c - +0 buckler
rNeg    . . .      Spirit   .   b - +0 scale mail
rPois   .          Reflect  .   (no helmet)
rElec   .          Harm     .   (no cloak)
rCorr   .          Rampage  .   (no gloves)
Will    .....                   (no boots)
Stlth   ..........              (no amulet)
HPRegen 0.11/turn               (no ring)
MPRegen 0.09/turn               (no ring)

@: mighty, brilliant, on berserk cooldown, flying, hasted and slowed
A: high MP 1, forlorn, divine attributes
a: no special abilities


You were on level 2 of the Dungeon.
You visited 1 branch of the dungeon, and saw 2 of its levels.

You collected 62 gold pieces.


Innate Abilities, Weirdness & Mutations

You have an increased reservoir of magic. (+10% MP)
You shall have no god before yourself.
Your divine heritage dramatically boosts your attributes as you level up.


   Skills:
 + Level 4.5 Fighting
 - Level 1.7 Polearms
 - Level 2.6 Armour
 - Level 2.6 Shields


You had 2 spell levels left.
You didn't know any spells.
Your spell library was empty.

Inventory:

Hand Weapons
 a - a +0 trident (weapon) {polearm}
 i - a +1 short sword of freezing {short}
   (You found it on level 1 of the Dungeon)
Missiles
 h - 6 javelins (quivered) {throwing}
 k - 42 stones {throwing}
Armour
 b - a +0 scale mail (worn)
 c - a +0 buckler (worn)
Magical Staves
 n - a staff of poison {!astaff}
   (You found it on level 1 of the Dungeon)
Jewellery
 g - a ring of magical power
   (You found it on level 1 of the Dungeon)

Dungeon Overview and Level Annotations

Branches:
Dungeon (2/15)

Shops:
D:2

** # #...# #. ###..#..... #
#...# #.##.......... #
#...### #.#.....$.....
#######......# #......)......
..##....≈..≈.#
##.......#?....
#.##...≈≈≈≈≈.#
#..............
#.##...P≈≈≈≈.#
#g.....#<.##...
#.......≈..≈P###ggg.........
..##...........)@g...).......
#####........#####....##.....
.>..+....##..#####...........
'#####.#........##.###...#..#
.#####.#.##..##.##.# ...#..
........>.†††......##...#.
......##.###)...........#
...........#.....#.##.....
...........#.##....# ..##


You could see a hobgoblin and 4 goblins.


Message History

You feel a strong urge to attack something.
You are no longer berserk.
You are exhausted.
You feel yourself slow down. 😱 HP[-2]
You now have 34 max hp (-17).
You aren't carrying any scrolls.
It was a potion of curing.
You feel better.
The goblin no longer looks unusually strong.
The goblin barely misses you. The goblin hits you but does no damage.
The goblin barely misses you. 😨 HP[+10]
You regained 10 hp, and now have 14/34 hp.
It was a potion of flight.
You feel very buoyant.
You fly up into the air.
You block the hobgoblin's attack.
The goblin hits you but does no damage. x2; The hobgoblin barely misses you.
The goblin closely misses you. The hobgoblin hits you.
* * * LOW HITPOINT WARNING * * *
😨 HP[-1]
You take 1 damage, and now have 13/34 hp.
It was a potion of brilliance.
You feel clever all of a sudden.
The hobgoblin no longer looks unusually strong.
The goblin hits you but does no damage. x4; You block the hobgoblin's attack. x2
The goblin hits you but does no damage. The goblin barely misses you.
The goblin hits you but does no damage.
It was a potion of haste.
You feel yourself speed up.
The hobgoblin no longer looks unusually strong.
The goblin no longer looks unusually strong.
The goblin hits you but does no damage. x2; The hobgoblin hits you.
* * * LOW HITPOINT WARNING * * *
You block the goblin's attack.
The hobgoblin hits you but does no damage.
The goblin hits you but does no damage. You block the goblin's attack.
The goblin hits you but does no damage. The goblin barely misses you.
The hobgoblin misses you. 😨 HP[-2]
You take 2 damage, and now have 11/34 hp.
Okay, then.
The hobgoblin hits you.
* * * LOW HITPOINT WARNING * * *
The goblin hits you with a +0 dagger.
* * * LOW HITPOINT WARNING * * *
😱 HP[-4]
You take 4 damage, and now have 7/34 hp.
Unknown command.
You aren't carrying any scrolls.
Unknown command.
Okay, then.
You aren't carrying any items that you can evoke.
Unknown command.
The goblin unwields a +0 dagger.
The goblin wields a +0 hunting sling.
The goblin shoots a sling bullet.
The sling bullet hits you but does no damage.
Unknown command.
The goblin no longer looks unusually strong.
You block the goblin's attack.
You feel very mighty all of a sudden. The goblin hits you with a +0 club.
* * * LOW HITPOINT WARNING * * *
You block the goblin's attack.
The hobgoblin hits you but does no damage. 😱 HP[-2]
You take 2 damage, and now have 5/34 hp.
Unknown command.
You puncture the hobgoblin!
You kill the hobgoblin!
The goblin hits you but does no damage. x2; The goblin hits you with a +0 club.
* * * LOW HITPOINT WARNING * * *
Unknown command.
You closely miss the goblin.
The goblin no longer looks unusually strong.
You block the goblin's attack. x2; The goblin closely misses you.
The goblin barely misses you.
You barely miss the goblin. The goblin barely misses you.
The goblin hits you with a +0 dagger.
* * * LOW HITPOINT WARNING * * *
The goblin hits you but does no damage. You block the goblin's attack. x2
The goblin hits you but does no damage. 😱 HP[-1]
You take 1 damage, and now have 4/34 hp.
Unknown command.
You aren't carrying any scrolls.
Unknown command.
You aren't carrying any potions.
You puncture the goblin!
You kill the goblin!
The goblin completely misses you.
You puncture the goblin!
You kill the goblin!
The goblin shoots a sling bullet.
The sling bullet hits you.
* * * LOW HITPOINT WARNING * * *
😱 HP[-3]
You take 3 damage, and now have 1/34 hp.
Unknown command.
You puncture the goblin!
You kill the goblin!
The hobgoblin hits you.
You die...

Skill      XL: |  1  2  3 |
---------------+----------+-----
Fighting       | 3 4 |  4.5
Polearms       | |  1.7
Armour         | |  2.6
Shields        | |  2.6

Action                   || total
-------------------------++-------
Melee: Trident           ||   153
  Use: Scroll            ||     3
       Potion            ||     6
Armor: Scale mail        ||    87
Dodge: Dodged            ||    66
Block: Buckler           ||    45

Levels and vault maps discovered:
D:1:      kilobyte_arrival_exit_the_forest, layout_loops_ring,
          grunt_decor_arrowhead, roderic_lattice_a, minmay_tromino_i4
D:2:      layout_loops_cross, serial_undead, serial_undead_f, serial_undead_f,
          serial_undead_a, serial_undead_b, serial_undead_a, serial_undead_d,
          serial_shops, nicolae_shop_hallway_stairs, shop,
          hellmonk_ecumenical_altar_blasted, amcnicky_mini_corridor_feature,
          uniq_robin

Notes
Turn   | Place    | Note
-------+----------+-------------------------------------------
     0 | D:1      | spaghetti the Demigod Fighter began the quest for the Orb.
     0 | D:1      | Reached XP level 1. HP: 18/18 MP: 3/3
     0 | D:1      | magus.rc [v1.9.6]
   198 | D:1      | Reached skill level 3 in Fighting
   383 | D:1      | Reached XP level 2. HP: 26/26 MP: 4/4
  1201 | D:2      | Found Quach's General Store.
  1500 | D:2      | Reached XP level 3. HP: 32/33 MP: 5/5
  1563 | D:2      | Reached skill level 4 in Fighting
  1590 | D:2      | Found Lodimnit's General Store.
  1668 | D:2      | Identified the +0 helmet "Vimim" {-Tele rCorr Str+7}
  1668 | D:2      | Noticed Robin
  1681 | D:2      | Killed Robin
  1684 | D:2      | HP: 10/51 [hobgoblin[Robin] (6)]
  1692 | D:2      | HP: 7/34 [goblin/+0 dagger[Robin] (2)]
  1697 | D:2      | HP: 5/34 [goblin/+0 club[Robin] (1)]
  1701 | D:2      | HP: 1/34 [goblin/sling bullet[Robin] (3)]
  1702 | D:2      | Slain by a hobgoblin

Vanquished Creatures
  Robin (D:2)
  An adder (D:2)
  2 dart slugs
  8 ball pythons
  A bat zombie (D:2)
  5 endoplasms
  7 goblins
  3 hobgoblins
  3 jackals (D:2)
  A quokka (D:2)
  4 bats
  3 frilled lizards (D:1)
  2 jackal skeletons (D:2)
  A jackal zombie (D:2)
  4 kobolds
  3 rats
49 creatures vanquished.

Table legend:
 A = Non-vault XP
 B = Vault XP
 C = Vault XP percentage of total XP
 D = Non-vault monster count
 E = Vault monster count
 F = Vault count percentage of total count
                 A         B        C        D         E       F
            +---------+---------+-------+---------+---------+-------
      Total |      69 |      40 |  36.7 |      34 |      15 |  30.6
            +---------+---------+-------+---------+---------+-------
        D:1 |      23 |       8 |  25.8 |      14 |       4 |  22.2
        D:2 |      46 |      32 |  41.0 |      20 |      11 |  35.5
            +---------+---------+-------+---------+---------+-------

Illustrated notes

Table legend:
 A = Kills in this place as a percentage of kills in entire the game.
 B = Kills by you in this place as a percentage of kills by you in the entire game.
 C = Kills by friends in this place as a percentage of kills by friends in the entire game.
 D = Other kills in this place as a percentage of other kills in the entire game.
 E = Experience gained in this place as a percentage of experience gained in the entire game.
 F = Experience gained in this place divided by the number of levels of this place that you have seen.
                   A       B       C       D       E      F
               +-------+-------+-------+-------+-------+----------------------
         Total | 100.0 | 100.0 |   N/A |   N/A | 100.0 |  54.5
       Dungeon | 100.0 | 100.0 |   N/A |   N/A | 100.0 |  54.5
               +-------+-------+-------+-------+-------+----------------------

Table legend: (Time is in decaauts)
 A = Elapsed time spent in this place.
 B = Non-inter-level travel time spent in this place.
 C = Inter-level travel time spent in this place.
 D = Time resting spent in this place.
 E = Time spent auto-exploring this place.
 F = Levels seen in this place.
 G = Mean time per level.
                   A        B        C        D        E       F      G
               +--------+--------+--------+--------+--------+-----+--------+
         Total |   1740 |   1705 |     35 |    100 |   1297 |   2 |  870.0 |
       Dungeon |   1740 |   1705 |     35 |    100 |   1297 |   2 |  870.0 |
               +--------+--------+--------+--------+--------+-----+--------+

Top non-repeatable levels by time:
     D:1: 1183 daAuts
     D:2: 556 daAuts
